 Dungeon Crawl Stone Soup version 0.30.0-10-gfe55d96785 (webtiles) character file.

Game seed: 12489730389072599447

1129 RascalDebosk the Magician (level 8, -1/58 HPs)
             Began as a Djinni Fire Elementalist on May 14, 2023.
             Slain by a gnoll sergeant
             ... wielding a +0 glaive
              (16 damage)
             ... on level 5 of the Dungeon.
             The game lasted 00:28:41 (4529 turns).

RascalDebosk the Magician (DjFE)                    Turns: 4529, Time: 00:28:42

Health: -1/58      AC:  3    Str:  7    XL:     8   Next: 62%
Gold:   54         EV: 13    Int: 18    God:
                   SH:  0    Dex: 15

rFire   + + .        s - +0 dagger (elec)
rCold   x . .        (no shield)
rNeg    . . .        a - +0 robe
rPois   ∞            (no helmet)
rElec   .            (no cloak)
rCorr   .            p - +0 pair of gloves
SInv    +            (boots unavailable)
Will    .....        (no amulet)
Stlth   ++           o - ring of see invisible
HPRegen 0.29/turn    (no ring)
MPRegen 0.00/turn

%: infuse magic (-2 HP)
@: flying
A: sickness immunity, fire resistance 2, cold vulnerability 1, float, innate
caster, HP casting, extra vitality 1
a: no special abilities


You were on level 5 of the Dungeon.
You visited 1 branch of the dungeon, and saw 5 of its levels.
You also visited: Sewer.

You collected 364 gold pieces.
You spent 310 gold pieces at shops.

Inventory:

Hand Weapons
 s - a +0 dagger of electrocution (weapon)
Armour
 a - a +0 robe (worn)
 p - a +0 pair of gloves (worn)
 A - a +0 ring mail
Jewellery
 o - a ring of see invisible (left hand)
Wands
 B - a wand of mindburst (16)
Scrolls
 b - a scroll of enchant weapon {unknown}
 c - a scroll of amnesia {unknown}
 d - a scroll of noise {unknown}
 e - 3 scrolls of enchant armour {unknown}
 g - 2 scrolls of magic mapping {unknown}
 j - 2 scrolls of poison {unknown}
 m - 2 scrolls of butterflies {unknown}
 n - 4 scrolls of teleportation {unknown}
 u - a scroll of brand weapon {unknown}
 x - a scroll of immolation {unknown}
 y - a scroll of identify {unknown}
 z - 2 scrolls of fear {unknown}
Potions
 f - a potion of ambrosia {unknown}
 h - 2 potions of brilliance
 i - a potion of resistance {unknown}
 k - a potion of flight {unknown}
 l - 2 potions of invisibility {unknown}
 q - 3 potions of haste {unknown}
 r - a potion of cancellation {unknown}
 t - 3 potions of curing
 v - a potion of heal wounds
 w - a potion of berserk rage {unknown}


   Skills:
 * Level 4.8 Fighting
 + Level 1.6 Armour
 - Level 3.7 Dodging
 + Level 3.5 Stealth
 * Level 5.5 Spellcasting


You knew the following spells:

 Your Spells              Type           Power      Damage    Failure   Level
a - Foxfire               Conj/Fire      96%        2x1d8     1%          1
b - Scorch                Fire           48%        2d7       1%          2
c - Volatile Blastmotes   Fire/Tloc      48%        2d14      3%          3
d - Inner Flame           Hex/Fire       24%        N/A       3%          3
e - Flame Wave            Conj/Fire      24%        2d8       13%         4
f - Sandblast             Erth           48%        2d12      1%          1
g - Wereblood             Tmut           24%        N/A       1%          2
h - Swiftness             Air            24%        N/A       3%          3
Your spell library was empty.

Dungeon Overview and Level Annotations

Branches:
Dungeon (5/15)              Sewer (visited)
 Temple: D:4-7

Altars:
Makhleb
Nemelex Xobeh
Yredelemnul

Shops:
D:2 !   D:3 *

Annotations:
D:5 Blork the orc


Innate Abilities, Weirdness & Mutations

You are immune to sickness and miasma.
You are immune to poison.
Your flesh is very heat resistant. (rF++)
You are vulnerable to cold. (rC-)
You float through the air rather than walking.
You learn spells naturally, not from books.
Your magical power is your life essence.
You have superior vitality. (+4 MHP)


Message History

The gnoll is severely wounded.
The foxfire hits the gnoll.
The gnoll is severely wounded.
The gnoll sergeant throws a stone.
The stone hits you!
Casting: Foxfire (safe; 1% risk of failure)
Confirm with . or Enter, or press ? or * to list all spells.
You conjure some foxfire!
The foxfire hits the gnoll sergeant.
The gnoll sergeant is lightly wounded.
Casting: Foxfire (safe; 1% risk of failure)
Confirm with . or Enter, or press ? or * to list all spells.
You conjure some foxfire!
The foxfire hits the gnoll sergeant!
The gnoll sergeant is moderately wounded.
A gnoll comes into view. It is wielding a +0 flail.
Casting: Foxfire (safe; 1% risk of failure)
Confirm with . or Enter, or press ? or * to list all spells.
You conjure some foxfire!
A gnoll comes into view. It is wielding a +0 whip.
Casting: Foxfire (safe; 1% risk of failure)
Confirm with . or Enter, or press ? or * to list all spells.
You conjure some foxfire!
The foxfire hits the gnoll.
You kill the gnoll!
The foxfire hits the gnoll but does no damage.
Casting: Foxfire (safe; 1% risk of failure)
Confirm with . or Enter, or press ? or * to list all spells.
You conjure some foxfire!
The foxfire hits the gnoll.
The gnoll is moderately wounded.
Casting: Foxfire (safe; 1% risk of failure)
Confirm with . or Enter, or press ? or * to list all spells.
You conjure some foxfire!
The foxfire hits the gnoll sergeant but does no damage.
The gnoll sergeant is moderately wounded.
The foxfire hits the gnoll sergeant but does no damage.
The gnoll sergeant is moderately wounded.
The gnoll sergeant throws a stone.
The stone barely misses you.
Casting: Foxfire (safe; 1% risk of failure)
Confirm with . or Enter, or press ? or * to list all spells.
You conjure some foxfire!
The foxfire hits the gnoll sergeant but does no damage.
The gnoll sergeant is moderately wounded.
The gnoll sergeant hits you from afar with a +0 glaive.
Casting: Foxfire (safe; 1% risk of failure)
Confirm with . or Enter, or press ? or * to list all spells.
You conjure some foxfire!
The foxfire hits the gnoll sergeant but does no damage.
The gnoll sergeant is moderately wounded.
The foxfire hits the gnoll sergeant but does no damage.
The gnoll sergeant is moderately wounded.
The gnoll sergeant throws a stone.
The stone hits you!
* * * LOW HITPOINT WARNING * * *
Casting: Foxfire (safe; 1% risk of failure)
Confirm with . or Enter, or press ? or * to list all spells.
Flames lash the gnoll sergeant.
The gnoll sergeant is heavily wounded.
The gnoll sergeant's fire resistance burns away.
* * * LOW HITPOINT WARNING * * *
The foxfire hits the gnoll sergeant.
The gnoll sergeant is heavily wounded.
The gnoll sergeant throws a stone.
The stone closely misses you.
Casting: Scorch (safe; 1% risk of failure)
Confirm with . or Enter, or press ? or * to list all spells.
Flames lash the gnoll.
The gnoll is heavily wounded.
The gnoll's fire resistance burns away.
* * * LOW HITPOINT WARNING * * *
The gnoll sergeant closely misses you.
Casting: Scorch (safe; 1% risk of failure)
Confirm with . or Enter, or press ? or * to list all spells.
Flames lash the gnoll.
The gnoll is lightly wounded.
The gnoll's fire resistance burns away.
* * * LOW HITPOINT WARNING * * *
The gnoll sergeant throws a stone.
The stone closely misses you.
Casting: Scorch (safe; 1% risk of failure)
Confirm with . or Enter, or press ? or * to list all spells.
Casting: Flame Wave (dangerous; 13% risk of failure)
Press: ? - help, Dir - look around, f - activate A wave of flame ripples out!
The flame wave engulfs the gnoll!
The gnoll is burned terribly!
You kill the gnoll! (Press . to intensify the flame waves.)
* * * LOW HITPOINT WARNING * * *
The gnoll sergeant is no longer more vulnerable to fire.
The gnoll sergeant throws a stone.
The stone barely misses you.
A wave of flame ripples out!
The flame wave engulfs the gnoll!
The gnoll is burned terribly!
You kill the gnoll!
The flame wave engulfs the gnoll sergeant.
The gnoll sergeant is severely wounded.
* * * LOW HITPOINT WARNING * * *
You hear a shout!
The gnoll sergeant throws a stone.
The stone closely misses you.
Blork the orc comes into view.
He is wielding a +0 long sword.
A wave of flame ripples out!
The flame wave engulfs the gnoll sergeant but does no damage.
The gnoll sergeant is severely wounded.
* * * LOW HITPOINT WARNING * * *
You finish channelling waves of flame.
You hear an angry hiss.
The gnoll sergeant hits you from afar with a +0 glaive!
You die...

#..........##.............
#...........#.............
.#...........#.....).......
...........................
.##.##..####...............
#..# ##..............
#..### ##.............
#....## #.......#.....
##...@# ###..#########
##.#)# #...##
...g....#....### ###
#.§.........#...####..
..§.).................#
..#........##.##........
.........................
.######...o..............
##..##...........


You could see Blork the orc and a gnoll sergeant.

Vanquished Creatures
  3 ogres
  A phantom (D:4)
  2 bullfrogs (Sewer)
  A scorpion (D:5)
  2 howler monkeys
  A hound (D:4)
  An orc priest (D:5)
  Natasha (thrice) (D:2)
  2 iguanas
  7 gnolls
  13 adders
  3 river rats (Sewer)
  2 worms
  3 dart slugs
  3 orcs (D:5)
  7 endoplasms
  3 giant cockroaches (D:2)
  7 goblins
  11 hobgoblins
  7 kobolds
  7 quokkas
  23 ball pythons
  6 bats
  6 frilled lizards
  29 rats
153 creatures vanquished.

Vanquished Creatures (collateral kills)
  4 foxfires (D:3)
4 creatures vanquished.

Vanquished Creatures (others)
  466 foxfires
466 creatures vanquished.

Grand Total: 623 creatures vanquished

Notes
Turn   | Place    | Note
-------+----------+-------------------------------------------
     0 | D:1      | RascalDebosk the Djinni Fire Elementalist began the quest
                  | for the Orb.
     0 | D:1      | RascalDebosk set off with the following spells memorised:
                  | Foxfire, Scorch, Volatile Blastmotes, Inner Flame, Flame
                  | Wave.
     0 | D:1      | Reached XP level 1. HP: 15/15 MP: 0/0
    61 | D:1      | Reached XP level 2. HP: 13/21 MP: 0/0
   194 | D:1      | Reached skill level 3 in Spellcasting
   353 | D:1      | Reached XP level 3. HP: 24/25 MP: 0/0
   353 | D:1      | Learned a level 1 spell: Sandblast
   469 | D:2      | You are sucked into a shaft and drop 2 floors!
   615 | D:3      | Found a glowing drain.
   625 | Sewer    | Entered a sewer
   645 | Sewer    | Reached XP level 4. HP: 27/31 MP: 0/0
   776 | Sewer    | Reached skill level 4 in Spellcasting
   822 | Sewer    | Reached XP level 5. HP: 27/36 MP: 0/0
   822 | Sewer    | Learned a level 2 spell: Wereblood
   922 | Sewer    | Noticed a bullfrog
   922 | Sewer    | Noticed a bullfrog
   929 | Sewer    | Killed a bullfrog
   930 | Sewer    | Reached skill level 1 in Fighting
   930 | Sewer    | Reached XP level 6. HP: 37/43 MP: 0/0
  1262 | D:2      | Noticed Natasha
  1265 | D:2      | Killed Natasha
  1292 | D:2      | Found Gyaqioko's Distillery.
  1321 | D:2      | Bought a potion of curing for 42 gold pieces
  1437 | D:2      | Noticed Natasha
  1441 | D:2      | Killed Natasha
  1458 | D:2      | Bought a potion of heal wounds for 70 gold pieces
  1477 | D:2      | Noticed Natasha
  1480 | D:2      | Killed Natasha
  1607 | D:2      | Found a basalt altar of Yredelemnul.
  1611 | D:2      | Reached XP level 7. HP: 46/49 MP: 0/0
  1611 | D:2      | Learned a level 3 spell: Swiftness
  2040 | D:2      | Bought a potion of curing for 42 gold pieces
  2040 | D:2      | Bought a potion of brilliance for 56 gold pieces
  2266 | D:3      | Found Werut's Assorted Antiques.
  2453 | D:3      | Found a sparkling altar of Nemelex Xobeh.
  2983 | D:4      | Reached skill level 5 in Spellcasting
  3126 | D:4      | Reached XP level 8. HP: 54/58 MP: 0/0
  3472 | D:3      | Bought a runed citrine amulet for 100 gold pieces
  4188 | D:5      | Entered Level 5 of the Dungeon
  4210 | D:5      | Reached skill level 1 in Armour
  4478 | D:5      | Found a burning altar of Makhleb.
  4528 | D:5      | Noticed Blork the orc
  4529 | D:5      | Slain by a gnoll sergeant

Illustrated notes

Levels and vault maps discovered:
D:1:      onia_arrival_pyramid, layout_rooms, skrybe_limestone_x, minmay_3d_cube
D:2:      layout_rooms, serial_shops, shop_fountains, basic_altar,
          minmay_joined_circles, uniq_natasha
D:3:      layout_basic, nemelex_spade_bored_becter, serial_shops,
          nicolae_shop_overgrown_old_shop, portal_sewer_entry_d,
          chequers_serial_rivers_micro_b, minmay_stone_trees_small
D:4:      layout_layer_cave
D:5:      layout_rooms, kennysheep_mini, mainiacjoe_overflow_small_starburst,
          minmay_temple_entry_offerings, serial_shops,
          nicolae_shop_pleasant_corner_grove, uniq_blork_the_orc, uniq_grinder

Skill      XL: |  1  2  3  4  5  6  7  8 |
---------------+-------------------------+-----
Spellcasting   | 3 4 5 |  5.5
Fighting       | 1 2 3 4 |  4.8
Stealth        | 2 3 |  3.5
Dodging        | 3 |  3.7
Armour         | 1 |  1.6

Action                     |  1- 3 |  4- 6 |  7- 9 || total
---------------------------+-------+-------+-------++-------
  Melee: Short sword       |     2 |       |       ||     2
         Dagger            |       |       |    16 ||    16
   Cast: Foxfire           |    60 |    84 |   138 ||   282
         Scorch            |     5 |    12 |    24 ||    41
         Flame Wave        |       |     1 |     3 ||     4
         Sandblast         |       |     2 |       ||     2
         Swiftness         |       |       |     1 ||     1
 Armour: Robe              |     2 |       |     3 ||     5
  Dodge: Dodged            |     3 |     7 |    20 ||    30
